 Dungeon Crawl Stone Soup version 0.20.1-1-g8b1a95d (webtiles) character file.

183 dstrtn the Sneak (level 5, -1/26 HPs)
             Began as a Vine Stalker Assassin on Dec 16, 2017.
             Slain by an ogre
             ... wielding a +0 giant club
              (19 damage)
             ... on level 4 of the Dungeon.
             The game lasted 00:18:51 (3539 turns).

dstrtn the Sneak (Vine Stalker Assassin)            Turns: 3539, Time: 00:18:51

Health: -1/26      AC:  9    Str: 15    XL:     5   Next: 62%
Magic:  0/7        EV: 10    Int: 11    God:
Gold:   204        SH:  0    Dex: 15    Spells: 4/4 levels left

rFire    . . .     SeeInvis .   a - +4 dagger
rCold    . . .     Gourm    .   (no shield)
rNeg     . . .     Faith    .   q - +0 ring mail
rPois    .         Spirit   +   B - +2 helmet
rElec    .         Reflect  .   d - +0 cloak
rCorr    .         Harm     .   (no gloves)
MR       .....                  (no boots)
Stlth    ++........             (no amulet)
Regen    0.5/turn               (no ring)
MPRegen  0.1/turn               (no ring)

@: no status effects
A: fangs 2, regeneration 1, magic shield, antimagic bite, no potion heal 3, rot
immunity
a: no special abilities


You were on level 4 of the Dungeon.
You were not hungry.

You visited 1 branch of the dungeon, and saw 4 of its levels.

You collected 204 gold pieces.

Inventory:

Hand Weapons
 a - a +4 dagger (weapon)
 b - a +0 blowgun
 i - a +0 short sword
 n - a +0 falchion
 p - a +0 hunting sling
 z - the +5 mace of Conservatism {freeze, +Blink Str+4, unknown}
   (You found it on level 4 of the Dungeon)

   It has been specially enchanted to freeze those struck by it, causing extra
   injury to most foes and up to half again as much damage against particularly
   susceptible opponents.
   It can also slow down cold-blooded creatures.
   It affects your strength (+4).
   It lets you blink.
 A - the cursed +1 mace of the Slime-mould {crush, *Rage rN+ Dex+2, unknown}
   (You found it on level 4 of the Dungeon)

   It inflicts extra damage upon your enemies.
   It affects your dexterity (+2).
   It protects you from negative energy.
   It may make you go berserk in combat.
   It has a curse placed upon it.
Missiles
 e - 4 poisoned needles
 j - 29 arrows
 o - 43 sling bullets
 x - 11 bolts
 y - 132 stones (quivered)
Armour
 c - a +0 robe
 d - a +0 cloak (worn)
 q - a +0 ring mail (worn)
 u - a +0 chain mail
 B - a +2 helmet (worn)
Jewellery
 k - a +6 ring of strength {unknown}
 l - an uncursed ring of ice {unknown}
 w - an uncursed ring of magical power {unknown}
Wands
 D - a wand of clouds (4/9)
Scrolls
 m - 2 scrolls of amnesia
 C - a scroll of noise {!r}
Potions
 r - a potion of might {unknown}
 s - a potion of cancellation {unknown}
 E - a potion of haste {unknown}
Comestibles
 g - 4 bread rations
 h - a chunk of flesh
 t - 10 fruits
 v - 2 royal jellies


   Skills:
 - Level 2.0 Fighting
 + Level 4.3 Short Blades
 - Level 2.0 Throwing
 - Level 1.0 Dodging
 - Level 5.0 Stealth
 + Level 1.5 Evocations


You had 4 spell levels left.
You didn't know any spells.

Dungeon Overview and Level Annotations

Branches:
Dungeon (4/15)
 Temple: D:4-7

Altars:
Ru

Annotations:
D:4 letownia2's ghost, weakling DDNe


Innate Abilities, Weirdness & Mutations

You have extremely sharp teeth.
Your natural rate of healing is unusually fast.
When hurt, damage is shared between your health and your magic reserves.
Your bite disrupts and absorbs the magic of your enemies.
Potions cannot restore your health.
You are immune to rotting.


Message History

Press: ? - help, Shift-Dir - straight line, f/p - ogre
Aim: an ogre, wielding a giant club (moderately wounded)
You shoot a poisoned needle.
The poisoned needle barely misses the ogre.
The ogre hits you with a giant club!
Quiver which item? (- for none, * to show all) (? for menu, Esc to quit)
Quivering
f - a curare-tipped needle {!f} for blowguns.
Firing (i - inventory. (,) - cycle):
f - a curare-tipped needle (quivered)
{!f}
Press: ? - help, Shift-Dir - straight line, f/p - ogre
Aim: an ogre, wielding a giant club (moderately wounded) Really fire
f - a curare-tipped needle {!f}?
You shoot a curare-tipped needle {!f}.
The curare-tipped needle {!f} hits the ogre.
The ogre is poisoned.
The ogre convulses.
The ogre seems to slow down.
The ogre is heavily wounded.
Wield which item (- for none, * to show all)? (? for menu, Esc to quit)
a - a +4 dagger (weapon)
The ogre hits you with a giant club!!
Ouch! That really hurt!
You die...

####### #......
###########.#####
#.........#.#....
##########.........#.#.##.
#....(.aO@................
#.##.#####.........#.#####
#.##.#...#.........#..<...
#a##.#...#.........###.###
#.##.#...#.........#......
#..................#.#.###
#..#.#...#.####......#.#
#..#.#...#.# #......#.#
#..#.#####.## #......#.#


You could see an ogre and a worker ant.

Vanquished Creatures
  An orc wizard (D:3)
  A worker ant (D:4)
  4 adders
  An ooze (D:1)
  A worm (D:2)
  4 dart slugs
  3 leopard geckos
  5 orcs
  7 giant cockroaches
  7 goblins
  5 hobgoblins
  6 jackals (D:1)
  7 kobolds
  A quokka (D:1)
  9 bats
  6 frilled lizards
  6 rats
74 creatures vanquished.

Notes
Turn   | Place    | Note
-------+----------+-------------------------------------------
     0 | D:1      | dstrtn the Vine Stalker Assassin began the quest for the Orb.
     0 | D:1      | Reached XP level 1. HP: 11/11 MP: 2/2
     7 | D:1      | Noticed a komodo dragon
     7 | D:1      | Noticed a tyrant leech
     7 | D:1      | Noticed a worker ant
     8 | D:1      | Noticed a frost giant
    77 | D:1      | Reached XP level 2. HP: 11/15 MP: 1/3
   363 | D:1      | Reached skill level 5 in Stealth
   393 | D:1      | Reached skill level 1 in Dodging
   660 | D:1      | Reached XP level 3. HP: 18/18 MP: 4/4
  1513 | D:1      | Gained mutation: Your natural rate of healing is unusually fast. [Vine Stalker growth]
  1513 | D:1      | Reached XP level 4. HP: 20/23 MP: 5/5
  2974 | D:3      | Reached skill level 1 in Evocations
  2974 | D:3      | Reached XP level 5. HP: 26/26 MP: 6/6
  3239 | D:4      | Found a sacrificial altar of Ru.
  3241 | D:4      | Noticed letownia2's ghost (weakling DDNe)
  3468 | D:4      | Got a crude mace
  3471 | D:4      | Got an ancient mace
  3511 | D:4      | Noticed an ogre
  3539 | D:4      | Slain by an ogre

Skill      XL: |  1  2  3  4 |
---------------+-------------+-----
Throwing       | 2 |  2.0
Short Blades   | 2 3 4 |  4.3
Stealth        | 5 |  5.0
Dodging        | 1 |  1.0
Fighting       | 2 |  2.0
Evocations     | 1 |  1.5

Action                   |  1- 3 |  4- 6 || total
-------------------------+-------+-------++-------
Melee: Dagger            |   101 |    95 ||   196
       Bite              |    17 |    25 ||    42
 Fire: Blowgun           |     7 |    17 ||    24
  Use: Scroll            |     1 |    11 ||    12
       Potion            |       |     3 ||     3
 Stab: Sleeping          |     4 |    10 ||    14
  Eat: Chunk             |     2 |     6 ||     8
Armor: Ring mail         |    30 |    19 ||    49
       Robe              |     2 |       ||     2
Dodge: Dodged            |    40 |    38 ||    78
